 Dungeon Crawl Stone Soup version 0.27.1-33-g824d729ab1 (webtiles) character file.

Game seed: 1020349551413929929

32 Atelerd the Digger (level 3, -4/21 HPs)
             Began as an Octopode Earth Elementalist on Dec 14, 2021.
             Slain by Sigmund (10 damage)
             ... on level 2 of the Dungeon.
             The game lasted 00:01:48 (1091 turns).

Atelerd the Digger (Octopode Earth Elementalist)    Turns: 1091, Time: 00:01:49

Health: -4/21      AC:  1    Str:  7    XL:     3   Next: 25%
Magic:  0/6        EV: 13    Int: 18    God:
Gold:   64         SH:  0    Dex: 12    Spells: 5/6 levels left

rFire    . . .     SeeInvis .   c - +0 dagger
rCold    + . .     Faith    .   (no shield)
rNeg     . . .     Spirit   .   (helmet restricted)
rPois    .         Reflect  .   (no amulet)
rElec    .         Harm     .   g - ring of protection from cold
rCorr    .         Rampage  .   (no ring)
Will     .....                  (no ring)
Stlth    +++.......             (no ring)
HPRegen  0.07/turn              (no ring)
MPRegen  0.10/turn              (no ring)
                                (no ring)
                                (no ring)

@: brilliant, very slightly contaminated, hasted, very quick
A: almost no armour, amphibious, 8 rings, camouflage 1, gelatinous body 1,
(nimble swimmer 1), tentacles
a: no special abilities


You were on level 2 of the Dungeon.
You visited 1 branch of the dungeon, and saw 2 of its levels.

You collected 64 gold pieces.

Inventory:

Hand Weapons
 c - a +0 dagger (weapon)
Missiles
 b - 56 stones
Jewellery
 g - a ring of protection from cold (left tentacle)
 j - a +6 ring of dexterity
Scrolls
 d - a scroll of noise {unknown}
 f - a scroll of magic mapping {unknown}
 h - a scroll of vulnerability {unknown}
 i - a scroll of blinking {unknown}
Potions
 a - a potion of brilliance


   Skills:
 - Level 2.0 Dodging
 - Level 2.6 Stealth
 + Level 2.4 Spellcasting
 * Level 2.1 Transmutations
 + Level 3.3 Earth Magic


You had 5 spell levels left.
You knew the following spells:

 Your Spells              Type           Power      Damage    Failure   Level
a - Sandblast             Erth           42%        2d11      4%          1

Your spell library contained the following spells:

 Spells                   Type           Power      Damage    Failure   Level
 Passwall                 Tmut/Erth      15%        N/A       9%          2
 Corona                   Hex            3%         N/A       17%         1
 Stone Arrow              Conj/Erth      24%        3d8       26%         3
 Tukima's Dance           Hex            3%         N/A       45%         3
 Petrify                  Tmut/Erth      18%        N/A       50%         4
 Passage of Golubria      Tloc           N/A        N/A       86%         4
 Bolt of Magma            Conj/Fire/Erth 4%         4d5       97%         5
 Yara's Violent Unravell  Hex/Tmut       4%         3d4       97%         5
 Shatter                  Erth           10%        3d12*     100%        9


Dungeon Overview and Level Annotations

Branches:
Dungeon (2/15)

Altars:

Annotations:
D:2 Sigmund


Innate Abilities, Weirdness & Mutations

You cannot wear most types of armour.
You are amphibious.
You can wear up to eight rings at the same time.
Your skin changes colour to match your surroundings (Stealth+).
Your rubbery body absorbs attacks. (AC +1, EV +1)
((You are camouflaged near water. (Stealth+)))
You have tentacles for arms and can constrict up to eight enemies at once.


Message History

Unknown command.
Casting: Sandblast (safe; 4% risk of failure)
Confirm with . or Enter, or press ? or * to list all spells.
You don't have enough magic to cast this spell.
Unknown command.
You barely miss Sigmund. Your grab misses Sigmund.
Sigmund is moderately wounded.
Sigmund barely misses you.
You barely miss Sigmund. Your grab misses Sigmund.
Sigmund is moderately wounded.
Sigmund hits you with a +0 scythe.
Casting: Sandblast (safe; 4% risk of failure)
Confirm with . or Enter, or press ? or * to list all spells.
Aiming: Sandblast (safe; 4% risk of failure)
Press: ? - help, Shift-Dir - straight line, f/p - Sigmund
Aim: Sigmund, wielding a +0 scythe and wearing a +0 robe (moderately wounded, 77% to hit)
You miscast Sandblast.
You are very lightly contaminated with residual magic.
Nothing appears to happen.
You hit Sigmund but do no damage. Your grab misses Sigmund.
Sigmund is moderately wounded.
Sigmund hits you with a +0 scythe.
You barely miss Sigmund. Your grab misses Sigmund.
Sigmund is moderately wounded.
Sigmund hits you with a +0 scythe.
* * * LOW HITPOINT WARNING * * *
You barely miss Sigmund. Your grab misses Sigmund.
Sigmund is moderately wounded.
It was a potion of brilliance.
You feel clever all of a sudden. Sigmund closely misses you.
Okay, then.
Casting: Sandblast (safe; 4% risk of failure)
Confirm with . or Enter, or press ? or * to list all spells.
You don't have enough magic to cast this spell.
Unknown command.
Unknown command.
It was a potion of haste.
You feel yourself speed up. Sigmund hits you with a +0 scythe!
You die...

###########
#.........#
#(........#
#.......?.###
#......@....###
#.....@...#...#
#.........###.##
.#### #.........#
#..##......#
#####.#######.....#
#.).
#.#####...#...##..##
### #...........#.#.
# ..#
#...............
...#...........##.##


You could see Sigmund.

Vanquished Creatures
  2 dart slugs
  An endoplasm (D:2)
  2 giant cockroaches
  6 goblins
  5 hobgoblins
  2 ball pythons (D:2)
  3 bats
  A kobold (D:2)
  3 rats
25 creatures vanquished.

Notes
Turn   | Place    | Note
-------+----------+-------------------------------------------
     0 | D:1      | Atelerd the Octopode Earth Elementalist began the quest for
                  | the Orb.
     0 | D:1      | Reached XP level 1. HP: 11/11 MP: 3/3
   161 | D:1      | Found a faded altar of an unknown god.
   169 | D:1      | Got Plato's Incunabulum of Fascination
   220 | D:1      | Reached XP level 2. HP: 17/17 MP: 3/5
   916 | D:2      | Reached XP level 3. HP: 21/21 MP: 6/6
  1073 | D:2      | Noticed Sigmund
  1091 | D:2      | Slain by Sigmund

Illustrated notes

Levels and vault maps discovered:
D:1:      minmay_arrival_floating_metal, layout_rooms,
          shapermc_ecumenical_altar_rom_forum
D:2:      layout_rooms, uniq_sigmund

Skill      XL: |  1  2 |
---------------+-------+-----
Transmutations | 2 |  2.1
Dodging        | |  2.0
Stealth        | |  2.6
Spellcasting   | |  2.4
Earth Magic    | |  3.3

Action                   || total
-------------------------++-------
Melee: Unarmed           ||    10
       Constrict         ||    12
       Tentacles         ||     9
       Dagger            ||    34
 Cast: Sandblast         ||    16
  Use: Potion            ||     2
 Stab: Sleeping          ||     6
Armor: Skin              ||     5
Dodge: Dodged            ||    27
